 Dungeon Crawl Stone Soup version 0.28.0 (webtiles) character file.

Game seed: 3609028975053606931

11472 Ajdolov the Severer (level 11, -4/92 (102) HPs)
             Began as a Hill Orc Fighter on Feb 12, 2022.
             Was an Initiate of Uskayaw.
             Slain by a six-headed hydra (12 damage)
             ... on level 1 of the Lair of Beasts.
             The game lasted 00:22:00 (15048 turns).

Ajdolov the Severer (Hill Orc Fighter)             Turns: 15048, Time: 00:22:00

HP:   -4/92 (102)   AC: 12    Str: 24    XL:     11   Next: 78%
MP:   8/21          EV:  9    Int:  8    God:    Uskayaw [......]
Gold: 581           SH:  4    Dex: 10    Spells: 10/10 levels left

rFire   . . .      SeeInvis .   C - +5 war axe (vorpal)
rCold   + + .      Faith    .   c - +0 buckler
rNeg    . . .      Spirit   .   B - +0 ice dragon scales
rPois   .          Reflect  .   (no helmet)
rElec   .          Harm     .   g - +0 cloak
rCorr   .          Rampage  .   k - +0 pair of gloves
Will    .....                   (no boots)
Stlth   ..........              (no amulet)
HPRegen 0.25/turn               p - ring of protection from fire
MPRegen 0.17/turn               (no ring)

@: studying Polearms, drained
A: no striking features
a: Renounce Religion


You were on level 1 of the Lair of Beasts.
You worshipped Uskayaw.
Uskayaw was pleased with you.
You visited 3 branches of the dungeon, and saw 13 of its levels.

You collected 763 gold pieces.
You spent 182 gold pieces at shops.

Inventory:

Hand Weapons
 n - a +2 trident of venom
 C - a +5 vorpal war axe (weapon)
Armour
 c - a +0 buckler (worn)
 e - a scarf of repulsion
 g - a +0 cloak (worn)
 k - a +0 pair of gloves (worn)
 B - +0 ice dragon scales (worn)
Jewellery
 p - a ring of protection from fire (left hand)
Wands
 m - a wand of charming (3)
 o - a wand of polymorph (12)
 s - a wand of flame (6)
 x - a wand of digging (25)
 y - a wand of iceblast (17)
Scrolls
 f - 3 scrolls of blinking
 h - 3 scrolls of amnesia
 q - 10 scrolls of teleportation
 v - a scroll of identify
Potions
 a - a potion of degeneration {unknown}
 b - a potion of ambrosia {unknown}
 d - a potion of might
 i - 2 potions of curing
 j - 4 potions of haste
 l - a potion of berserk rage {unknown}
 r - a potion of magic {unknown}
 u - 3 potions of heal wounds
 w - 3 potions of resistance
 z - a potion of flight {unknown}
 A - 2 potions of lignification
Miscellaneous
 t - a phial of floods


   Skills:
 - Level 11.1 Fighting
 - Level 16.0 Axes
 - Level 3.2 Armour
 - Level 3.2 Shields
 * Level 13.3 Invocations
 + Level 0.1 Evocations


You had 10 spell levels left.
You didn't know any spells.
Your spell library contained the following spells:

 Spells                   Type           Power      Damage    Failure   Level
 Freeze                   Ice            0%         1d3       86%         1
 Sublimation of Blood     Necr           0%         N/A       94%         2
 Call Canine Familiar     Summ           0%         N/A       99%         3
 Dazzling Flash           Conj/Hex       0%         N/A       99%         3
 Frozen Ramparts          Ice            0%         1d2       99%         3
 Gell's Gravitas          Tloc           0%         N/A       99%         3
 Ignite Poison            Fire/Tmut/Pois 0%         N/A       99%         3
 Lesser Beckoning         Tloc           0%         N/A       99%         3
 Mephitic Cloud           Conj/Pois/Air  0%         N/A       99%         3
 Portal Projectile        Hex/Tloc       0%         N/A       99%         3
 Teleport Other           Tloc           0%         N/A       99%         3
 Hailstorm                Conj/Ice       0%         3d3       100%        4
 Leda's Liquefaction      Hex/Erth       0%         N/A       100%        4
 Petrify                  Tmut/Erth      0%         N/A       100%        4
 Freezing Cloud           Conj/Ice/Air   0%         6-21      100%        5
 Irradiate                Conj/Tmut      0%         3d13      100%        5
 Malign Gateway           Summ/Tloc      0%         N/A       100%        7


Dungeon Overview and Level Annotations

Branches:
Dungeon (11/15)            Temple (1/1) D:7            Lair (1/6) D:9
    Orc (0/2) D:11

Altars:
Cheibriados
Dithmenos
Elyvilon
Gozag
Hepliaklqana
Kikubaaqudgha
Makhleb
Nemelex Xobeh
Okawaru
Qazlal
Ru
Trog
Uskayaw
Vehumet
Wu Jian
Xom
Yredelemnul
Zin
The Shining One

Shops:
D:7 (   D:8 :   D:10 (   D:11 [

Annotations:
Lair:1 Nergalle


Message History

The spectral orc disappears in a puff of smoke!
The six-headed hydra is heavily wounded.
You can no longer pass through a line of other dancers.
The six-headed hydra bites you but does no damage.
The six-headed hydra barely misses you. The six-headed hydra bites you.
The six-headed hydra closely misses you.
The six-headed hydra bites you! The six-headed hydra barely misses you.
You stomp with the beat, sending a shockwave through the revellers around you!
The spectral orc warrior is almost destroyed.
The six-headed hydra is severely wounded.
Nergalle is heavily wounded.
You can no longer stomp with the beat.
Nergalle seems less confused.
You block the spectral orc warrior's attack.
Nergalle points at you and mumbles some strange words.
Orcish apparitions take form around you.
The six-headed hydra bites you!
The six-headed hydra bites you but does no damage.
The six-headed hydra bites you!
The six-headed hydra bites you but does no damage.
The six-headed hydra barely misses you. x2
You can now stomp with the beat.
Unknown command.
You stomp with the beat, sending a shockwave through the revellers around you!
You destroy the spectral orc warrior!
The spectral orc warrior disappears in a puff of smoke!
The six-headed hydra is almost dead.
You destroy the spectral orc!
The spectral orc disappears in a puff of smoke!
Nergalle is severely wounded.
You can no longer stomp with the beat.
Nergalle points at the spectral orc and mumbles some strange words.
The spectral orc seems to speed up.
The six-headed hydra bites you!
* * * LOW HITPOINT WARNING * * *
The six-headed hydra bites you.
* * * LOW HITPOINT WARNING * * *
The six-headed hydra bites you!
* * * LOW HITPOINT WARNING * * *
The six-headed hydra bites you!
You die...

.... .. ... ..
..+#.# #..#.#
....#
P###+#...### .
.=.....§...##
...
+....Z@§...#....
#.....Do........
#.....Z...#...
#.........# .
#....$....#
#........?.
#.........##
#####.#.###
#....


You could see a six-headed hydra, Nergalle, a spectral orc (summoned, fast) and
a spectral orc knight (summoned).

Vanquished Creatures
  A boulder beetle (D:11)
  3 two-headed ogres
  Maggie (D:8)
  A kobold demonologist (D:5)
  A troll (D:11)
  A shadow (D:11)
  A wraith (D:11)
  3 wyverns
  A yak (D:5)
  2 vampire mosquitoes (D:11)
  Grum (D:10)
  2 wargs (D:9)
  2 acid dragons (D:10)
  A water moccasin (D:5)
  8 orc warriors
  Duvessa (D:6)
  An ice beast (D:5)
  2 black bears
  3 necrophages
  11 ogres
  2 wolves (D:10)
  2 centaurs
  A phantom (D:7)
  4 bullfrogs
  2 wyvern zombies
  4 kobold brigands
  Blork the orc (D:6)
  8 gnoll sergeants
  3 scorpions
  A water moccasin zombie (D:6)
  Dowan (D:6)
  3 wights (D:8)
  9 killer bees
  A howler monkey (D:10)
  A bullfrog zombie (D:6)
  3 centaur zombies
  2 jellies
  6 orc priests
  A gnoll shaman (D:9)
  3 centaur skeletons
  A bullfrog skeleton (D:6)
  A hound (D:7)
  3 iguanas
  Ijyb (D:3)
  7 orc wizards
  A scorpion zombie (D:5)
  A killer bee zombie (D:5)
  3 howler monkey zombies (D:9)
  30 gnolls
  9 adders
  A shadow imp (D:7)
  2 white imps
  An ufetubus (D:5)
  A dart slug (D:3)
  45 orcs
  6 ball pythons
  5 bats
  9 endoplasms
  2 giant cockroaches
  8 goblins
  9 hobgoblins
  8 jackals (D:1)
  11 kobolds
  3 quokkas
  3 frilled lizards
  3 rats (D:1)
279 creatures vanquished.

Vanquished Creatures (collateral kills)
  3 killer bees (D:7)
3 creatures vanquished.

Vanquished Creatures (others)
  2 killer bees (D:7)
  A fungus (Lair:1)
  2 plants
5 creatures vanquished.

Grand Total: 287 creatures vanquished

Notes
Turn   | Place    | Note
-------+----------+-------------------------------------------
     0 | D:1      | Ajdolov the Hill Orc Fighter began the quest for the Orb.
     0 | D:1      | Reached XP level 1. HP: 19/19 MP: 1/1
    34 | D:1      | Reached skill level 3 in Axes
    91 | D:1      | Reached XP level 2. HP: 24/26 MP: 2/2
    99 | D:1      | Reached skill level 4 in Axes
   293 | D:1      | Reached XP level 3. HP: 31/31 MP: 3/3
   781 | D:1      | Reached skill level 5 in Axes
  1173 | D:2      | Identified the +1 ring mail of Entitlement {*Corrode rC++
                  | Str+6}
  1283 | D:2      | Found a stormy altar of Qazlal.
  1305 | D:2      | Reached XP level 4. HP: 29/39 MP: 4/4
  1668 | D:2      | Reached skill level 6 in Axes
  1671 | D:2      | Found a faded altar of an unknown god.
  1883 | D:3      | Noticed a necrophage
  2155 | D:3      | Noticed Ijyb
  2161 | D:3      | Killed Ijyb
  2162 | D:3      | Reached XP level 5. HP: 37/45 MP: 5/5
  2266 | D:3      | Reached skill level 7 in Axes
  2863 | D:3      | Killed a necrophage
  2864 | D:3      | Reached skill level 8 in Axes
  2864 | D:3      | Reached XP level 6. HP: 50/51 MP: 6/6
  3070 | D:4      | Reached skill level 9 in Axes
  3418 | D:4      | Reached XP level 7. HP: 45/57 MP: 7/7
  3633 | D:5      | Entered Level 5 of the Dungeon
  3755 | D:5      | Reached skill level 10 in Axes
  3829 | D:5      | Reached skill level 11 in Axes
  3872 | D:5      | Reached XP level 8. HP: 50/64 MP: 8/8
  3990 | D:5      | Noticed a kobold demonologist
  4004 | D:5      | Reached skill level 12 in Axes
  4006 | D:5      | Killed a kobold demonologist
  4217 | D:5      | Reached skill level 13 in Axes
  4593 | D:5      | Reached skill level 14 in Axes
  4874 | D:5      | Reached XP level 9. HP: 34/70 MP: 9/9
  5382 | D:6      | Got Sif Muna's Disquisition on Unstable Combat Magic
  5414 | D:6      | Noticed Dowan
  5414 | D:6      | Noticed Duvessa
  5432 | D:6      | Killed Dowan
  5433 | D:6      | Reached skill level 15 in Axes
  5517 | D:6      | Killed Duvessa
  6471 | D:6      | Noticed Blork the orc
  6488 | D:6      | Killed Blork the orc
  6649 | D:6      | Reached skill level 16 in Axes
  7261 | D:7      | Reached skill level 5 in Fighting
  7978 | D:7      | Found a staircase to the Ecumenical Temple.
  7993 | Temple   | Entered the Ecumenical Temple
  8248 | Temple   | Became a worshipper of Uskayaw the Reveller
  8350 | D:7      | Reached * piety under Uskayaw
  8353 | D:7      | Reached skill level 1 in Invocations
  8572 | D:7      | Found Omoegir's Antique Weapon Shop.
  8775 | D:8      | Reached ** piety under Uskayaw
  8891 | D:8      | Reached XP level 10. HP: 71/86 MP: 10/12
  9210 | D:8      | Noticed Maggie
  9229 | D:8      | Killed Maggie
  9229 | D:8      | Reached *** piety under Uskayaw
  9230 | D:8      | Reached skill level 5 in Invocations
  9572 | D:8      | Reached **** piety under Uskayaw
  9972 | D:8      | Found Gukkera's Book Shop.
 10079 | D:7      | Bought a glowing war axe for 182 gold pieces
 10181 | D:9      | Reached ***** piety under Uskayaw
 10348 | D:9      | Found a staircase to the Lair.
 11248 | D:10     | Entered Level 10 of the Dungeon
 11334 | D:10     | Noticed a two-headed ogre
 11362 | D:10     | Killed a two-headed ogre
 11874 | D:10     | Noticed Grum
 11891 | D:10     | Killed Grum
 11892 | D:10     | Reached skill level 10 in Invocations
 11892 | D:10     | Reached XP level 11. HP: 55/97 MP: 18/18
 12247 | D:10     | Found Anguts's Weapon Boutique.
 12339 | D:10     | Found an opulent altar of Gozag.
 12373 | D:10     | Found a shadowy altar of Dithmenos.
 12417 | D:10     | Noticed a two-headed ogre
 12576 | D:10     | Killed a two-headed ogre
 13085 | D:11     | Noticed a two-headed ogre
 13100 | D:11     | Killed a two-headed ogre
 13101 | D:11     | Reached skill level 10 in Fighting
 13388 | D:11     | Found a staircase to the Orcish Mines.
 13415 | D:11     | Reached ****** piety under Uskayaw
 14393 | D:11     | Found Voocaz's Armour Emporium.
 14397 | D:11     | Noticed a boulder beetle
 14443 | D:11     | Killed a boulder beetle
 14985 | Lair:1   | Entered Level 1 of the Lair of Beasts
 15035 | Lair:1   | Noticed Nergalle
 15035 | Lair:1   | Noticed a five-headed hydra
 15048 | Lair:1   | Slain by a six-headed hydra

Illustrated notes

Levels and vault maps discovered:
D:1:      minmay_arrival_up_and_down, layout_loops_ring, minivault_14
D:2:      layout_rooms, basic_altar, chequers_ecumenical_altar_island
D:3:      layout_loops_ring, kennysheep_nub, kennysheep_pointless_box, uniq_ijyb
D:4:      layout_rooms
D:5:      layout_loops_ring, minmay_manual_maat
D:6:      layout_loops_corners, uniq_blork_the_orc, uniq_duvessa
D:7:      layout_rooms, minmay_temple_entry_glassed_door, serial_shops, shop
D:8:      layout_basic, serial_shops, shop, chequers_garden,
          minmay_misc_feat_columns, lemuel_flamethrower_1, uniq_maggie
D:9:      layout_stronghold, erik_lair_orcish_takeover,
          nicolae_figureground_pulse
D:10:     layout_gridville, nicolae_overflow_squiral, serial_shops,
          nicolae_shop_crystal, uniq_grum
D:11:     layout_roguey [special_room_orc],
          kennysheep_orc_monster_closet_entryway, serial_shops,
          nicolae_stop_n_shop_1
Temple:   mainiacjoe_temple_big_plus
Lair:1:   layout_roguey, nicolae_lair_grove_arrangements, grunt_megastairs_4,
          uniq_nergalle

Skill      XL: |  1  2  3  4  5  6  7  8  9 10 11 |
---------------+----------------------------------+-----
Axes           | 3 4 5 6 8 9 11 14 16 | 16.0
Fighting       | 7 9 11 | 11.1
Invocations    | 2 10 13 | 13.3
Armour         | |  3.2
Shields        | |  3.2
Evocations     | |  0.1

Action                   |  1- 3 |  4- 6 |  7- 9 | 10-12 || total
-------------------------+-------+-------+-------+-------++-------
Melee: War axe           |   102 |   144 |   344 |   324 ||   914
Invok: Stomp             |       |       |       |     3 ||     3
       Line Pass         |       |       |       |     1 ||     1
Evoke: Wand              |       |       |     7 |    10 ||    17
  Use: Scroll            |       |       |       |    11 ||    11
       Potion            |       |       |       |     3 ||     3
 Stab: Distracted        |       |     1 |       |       ||     1
       Paralysed         |       |       |       |    30 ||    30
Armor: Scale mail        |    48 |    70 |   102 |     1 ||   221
       Ice dragon scales |       |       |       |   101 ||   101
Dodge: Dodged            |    54 |    70 |   120 |   105 ||   349
Block: Buckler           |    40 |    35 |    54 |    54 ||   183
